 Dungeon Crawl Stone Soup version 0.28.0 (webtiles) character file.

Game seed: 17827194192317605849

3124 Lathuz the Cleaver (level 9, 0/85 HPs)
             Began as a Minotaur Berserker on Feb 8, 2022.
             Was a Priest of Trog.
             Slain by a skeletal warrior (7 damage)
             ... on level 7 of the Dungeon.
             The game lasted 00:16:09 (7730 turns).

Lathuz the Cleaver (Minotaur Berserker)             Turns: 7730, Time: 00:16:09

Health: 0/85       AC: 11    Str: 25    XL:     9   Next: 61%
Magic:  8/8        EV:  9    Int:  4    God:    Trog [***...]
Gold:   381        SH:  5    Dex: 11    Spells: 8/8 levels left

rFire   . . .      SeeInvis .   d - +0 battleaxe
rCold   . . .      Faith    .   (shield currently unavailable)
rNeg    . . .      Spirit   .   t - +0 chain mail
rPois   +          Reflect  +   (helmet restricted)
rElec   .          Harm     .   i - +1 cloak
rCorr   .          Rampage  .   (no gloves)
Will    .....                   (no boots)
Stlth   ..........              l - amulet of reflection
HPRegen 0.24/turn               f - ring of poison resistance
MPRegen 0.11/turn               (no ring)

@: about to teleport, on berserk cooldown, slowed, very slow
A: horns 2, retaliatory headbutt
a: Renounce Religion, Berserk, Trog's Hand


You were on level 7 of the Dungeon.
You worshipped Trog.
Trog was most pleased with you.
You visited 2 branches of the dungeon, and saw 8 of its levels.

You collected 381 gold pieces.

Inventory:

Hand Weapons
 d - a +0 battleaxe (weapon)
 n - a +4 dire flail
 p - a +0 war axe
 q - a +2 whip of venom
 v - a +3 flail
Missiles
 a - 14 poisoned darts
 g - 2 throwing nets
 r - 3 boomerangs
 s - 208 stones (quivered)
Armour
 e - a +0 pair of boots
 i - a +1 cloak (worn)
 t - a +0 chain mail (worn)
Jewellery
 b - an amulet of magic regeneration
 c - an amulet of the acrobat
 f - a ring of poison resistance (left hand)
 l - an amulet of reflection (around neck)
Wands
 h - a wand of acid (9)
Scrolls
 D - a scroll of blinking
 X - a scroll of magic mapping {@r4}
 Z - a scroll of identify {@r1}
Potions
 j - 2 potions of degeneration {unknown}
 k - a potion of ambrosia {unknown}
 m - a potion of might {unknown}
 o - a potion of haste {unknown}
 u - a potion of mutation {unknown}
 C - a potion of cancellation
 J - 5 potions of curing {@q1}
 N - a potion of heal wounds {@q2}


   Skills:
 + Level 9.8 Fighting
 * Level 13.1 Axes
 + Level 4.5 Armour
 - Level 2.1 Dodging


You had 8 spell levels left.
You didn't know any spells.
Your spell library was empty.

Dungeon Overview and Level Annotations

Branches:
Dungeon (7/15)             Temple (1/1) D:4

Altars:


Innate Abilities, Weirdness & Mutations

You have a pair of horns on your head.
You reflexively headbutt those who attack you in melee.


Message History

You see here a +0 scimitar.
A skeletal warrior comes into view. It is wielding a +0 glaive.
The skeletal warrior hits you from afar with a +0 trident.
There is a stone staircase leading up here.
The skeletal warrior hits you from afar with a +0 trident!
You climb upwards.
There is a stone staircase leading down here.
You start resting.
You feel yourself speed up.
You start resting.
You recover from your berserk rage.
You start resting.
HP restored.
You can't go up here!
A red film seems to cover your vision as you go berserk!
You feel yourself moving faster!
You feel mighty!
You feel a strong urge to attack something.
You climb downwards.
The skeletal warrior hits you from afar with a +0 glaive!!
There is a stone staircase leading up, spattered with blood here.
You feel your anger nearly subside.
The skeletal warrior hits you from afar with a +0 trident!!
You are no longer berserk.
You are exhausted.
You feel yourself slow down.
The skeletal warrior hits you with a +0 glaive!!
* * * LOW HITPOINT WARNING * * *
The skeletal warrior hits you with a +0 trident.
* * * LOW HITPOINT WARNING * * *
As you read the scroll of teleportation {@r3}, it crumbles to dust.
You feel strangely unstable.
The skeletal warrior hits you with a +0 trident!!
* * * LOW HITPOINT WARNING * * *
You barely miss the skeletal warrior.
The skeletal warrior is lightly damaged.
You barely miss the skeletal warrior. You hit the skeletal warrior.
The skeletal warrior hits you with a +0 trident.
* * * LOW HITPOINT WARNING * * *
The skeletal warrior hits you with a +0 trident!
You die...

#...# #.....##.# #.# #...#
#.###.##.# #.##### # #.).#
#.###.##.####...... ..
#...###.#.........####### ..
#..z#...#.#.##.##.#......
#.#####..z#.#........##.#......
#.#........z..#...##.####.#......
...........z#####z...(...........
#.........z.#z@.<#.###.##......
#.#####...#.#z##.#)###.##......
#...#...##.#[.##.##......
#...######.##.##.######## #...#
#...........# #...####
#.......###.#### #####......#
#.##.#.........# #.......##.#
#.##.#...##.##.# #.#####.##.#
#.##.....##.##.#


You could see 3 skeletal warriors.

Vanquished Creatures
  A skeletal warrior (D:7)
  Sigmund (D:2)
  2 black bears
  A necrophage (D:5)
  A sky beast (D:5)
  3 ogres
  A centaur (D:7)
  2 phantoms
  2 kobold brigands (D:6)
  A wyvern zombie (D:6)
  3 scorpions
  A water moccasin zombie (D:5)
  A wyvern skeleton (D:7)
  A water moccasin skeleton (D:6)
  3 wights (D:7)
  3 howler monkeys (D:6)
  3 jellies
  A hound (D:5)
  3 orc priests
  2 centaur zombies
  A gnoll shaman (D:6)
  2 bullfrog skeletons
  A centaur skeleton (D:7)
  3 iguanas
  2 orc wizards
  10 adders
  10 gnolls
  An ufetubus (D:6)
  20 orcs
  12 ball pythons
  7 endoplasms
  A giant cockroach (D:1)
  5 goblins
  9 hobgoblins
  11 jackals
  4 quokkas
  6 bats
  7 frilled lizards
  20 kobolds
  4 rats
172 creatures vanquished.

Notes
Turn   | Place    | Note
-------+----------+-------------------------------------------
     0 | D:1      | Lathuz the Minotaur Berserker began the quest for the Orb.
     0 | D:1      | Reached XP level 1. HP: 19/19 MP: 0/0
    83 | D:1      | Reached skill level 4 in Axes
    90 | D:1      | Reached XP level 2. HP: 22/27 MP: 1/1
   676 | D:1      | Reached ** piety under Trog
   944 | D:2      | Noticed Sigmund
  1006 | D:2      | Reached XP level 3. HP: 33/33 MP: 2/2
  1111 | D:2      | Reached skill level 5 in Axes
  1282 | D:2      | Reached XP level 4. HP: 9/41 MP: 3/3
  1939 | D:3      | Noticed a phantom
  1955 | D:3      | Killed a phantom
  1956 | D:3      | Reached skill level 5 in Fighting
  1956 | D:3      | Reached skill level 6 in Axes
  1956 | D:3      | Reached XP level 5. HP: 45/48 MP: 4/4
  2672 | D:3      | Reached skill level 7 in Axes
  2672 | D:3      | Reached XP level 6. HP: 44/56 MP: 5/5
  2858 | D:2      | Killed Sigmund
  3059 | D:2      | Found a faded altar of an unknown god.
  3320 | D:4      | Reached skill level 8 in Axes
  3432 | D:4      | Reached XP level 7. HP: 36/64 MP: 6/6
  3621 | D:4      | Found a staircase to the Ecumenical Temple.
  3655 | Temple   | Entered the Ecumenical Temple
  3719 | D:4      | Reached *** piety under Trog
  4306 | D:5      | Entered Level 5 of the Dungeon
  4345 | D:5      | Reached skill level 9 in Axes
  4633 | D:5      | Reached XP level 8. HP: 73/73 MP: 7/7
  4646 | D:5      | Reached skill level 10 in Axes
  4866 | D:5      | Identified the +9 whip of the Evil Eye {vorpal, rPois rF++}
  5985 | D:6      | Reached skill level 11 in Axes
  6566 | D:6      | Reached skill level 12 in Axes
  6566 | D:6      | Reached XP level 9. HP: 59/83 MP: 8/8
  7088 | D:6      | Noticed a manticore
  7567 | D:7      | Noticed a skeletal warrior
  7576 | D:7      | Noticed a skeletal warrior
  7583 | D:7      | Killed a skeletal warrior
  7584 | D:7      | Reached skill level 13 in Axes
  7586 | D:7      | Noticed a skeletal warrior
  7590 | D:7      | Noticed a skeletal warrior
  7730 | D:7      | Slain by a skeletal warrior

Illustrated notes

Levels and vault maps discovered:
D:1:      minmay_arrival_shoal_huts, layout_basic
D:2:      layout_loops_ring, hellmonk_ecumenical_altar_blasted,
          nicolae_elevator_lobby_plus, uniq_sigmund
D:3:      layout_basic
D:4:      layout_loops_cross, minmay_temple_entry_waves
D:5:      layout_layer_cave
D:6:      layout_basic, minmay_bent
D:7:      layout_loops_cross, minmay_crystal_water
Temple:   mainiacjoe_temple_bowtie_tessellation

Skill      XL: |  1  2  3  4  5  6  7  8  9 |
---------------+----------------------------+-----
Axes           | 4 5 6 7 8 9 12 13 | 13.1
Fighting       | 4 5 6 7 9 |  9.8
Armour         | 4 |  4.5
Dodging        | |  2.1

Action                   |  1- 3 |  4- 6 |  7- 9 || total
-------------------------+-------+-------+-------++-------
Melee: Hand axe          |    82 |   115 |    26 ||   223
       Headbutt          |     6 |    16 |    42 ||    64
       Punch             |     1 |     1 |       ||     2
       War axe           |       |       |    89 ||    89
       Battleaxe         |       |       |   121 ||   121
Throw: Stone             |    15 |    14 |    15 ||    44
Invok: Berserk           |     1 |     2 |     5 ||     8
       Trog's Hand       |       |     1 |     3 ||     4
  Use: Scroll            |       |     1 |    13 ||    14
Armor: Animal skin       |     9 |       |       ||     9
       Ring mail         |    21 |    31 |    18 ||    70
       Chain mail        |       |       |    57 ||    57
Dodge: Dodged            |    61 |    61 |    98 ||   220
Block: Other             |       |       |    15 ||    15
       Reflection        |       |       |     1 ||     1
